 Dungeon Crawl Stone Soup version 0.32-a0-422-g28b100f618 (webtiles) character file.

Game seed: 5398089047494927079

1925249 ragingrage the Slayer (level 25, 241/289 HPs)
             Began as a Troll Air Elementalist on Feb 22, 2024.
             Was the Champion of Ru.
             Escaped with the Orb
             ... and 4 runes!
             The game lasted 02:24:18 (93674 turns).

ragingrage the Slayer (Troll Air Elementalist)     Turns: 93674, Time: 02:24:19

Health: 241/289    AC: 28    Str: 30 (31) XL:     25   Next: 81%
Magic:  42/42      EV:  2    Int: 13      God:    Ru [******]
Gold:   5846       SH: 14    Dex: 10      Spells: 10/26 levels left

rFire   + .          .
                       - Unarmed
rCold   + . .        m - +1 kite shield {AC+3}
rNeg    + . .        B - +9 gold dragon scales
rPois   +            Q - +3 hat of Pondering {ponderous, Will+ MP+10 Int+5}
rElec   +            f - +4 dragonskin cloak
rCorr   .            (gloves unavailable)
SInv    .            (boots unavailable)
Will    ++++.        e - necklace of Bloodlust {Fury *Rage Will++ Int-3 Slay+6} Stlth
                     c - ring "Dapomun" {rElec rN+ MP+9}
HPRegen 1.48/turn    d - +4 ring of slaying
MPRegen 0.28/turn

%: random rage (50%)
@: on berserk cooldown, studying 2 skills, slow
A: large, unfitting armour, claws 3, regeneration 1, shaggy fur 1, tough skin 1,
no stealth, hated by all, inability to train dodging, inability to train armour,
disrupted magic 1, deformed body, deterioration 1, screaming 1, subdued magic 1
0: Orb of Zot
}: 4/15 runes: barnacled, slimy, silver, gossamer
a: Renounce Religion, Draw Out Power, Power Leap, Apocalypse


You escaped.
You worshipped Ru.
Ru was exalted by your worship.
You visited 11 branches of the dungeon, and saw 53 of its levels.

You collected 7909 gold pieces.
You spent 2063 gold pieces at shops.

Inventory:

Missiles
 g - 55 large rocks (quivered)
 y - 42 boomerangs
 P - 2 throwing nets
 R - 16 javelins
 W - 9 silver javelins
Armour
 f - the +4 dragonskin cloak (worn)
   (You took it off Tiamat on level 4 of the Realm of Zot)

   Avatar's Aegis: It grants the wearer a chance to resist fire, cold, poison,
   electricity, acid, and negative energy.
 m - a +1 kite shield of protection (worn)
 B - +9 gold dragon scales (worn)
 Q - the +3 hat of Pondering (worn) {ponderous, Will+ MP+10 Int+5}
   (You found it on level 4 of the Spider Nest)

   Int+5:     It affects your intelligence (+5).
   Will+:     It increases your willpower.
   MP+10:     It affects your magic capacity (+10).
Jewellery
 c - the ring "Dapomun" (left claw) {rElec rN+ MP+9}
   (You bought it in a shop on level 7 of the Dungeon)

   [ring of magical power]

   rElec:     It insulates you from electricity.
   rN+:       It protects you from negative energy.
   MP+9:      It affects your magic capacity (+9).
 d - a +4 ring of slaying (right claw)
 e - the necklace of Bloodlust (around neck) {Fury *Rage Will++ Int-3 Slay+6}
   (You took it off a deep elf death mage on level 3 of the Elven Halls)

   [amulet of nothing]

   Fury:      It extends the wearer's berserk rage when killing foes.
   Int-3:     It affects your intelligence (-3).
   Slay+6:    It affects your accuracy & damage with ranged weapons and melee
   (+6).
   Will++:    It greatly increases your willpower.
   *Rage:     It berserks you when you make melee attacks (+50% chance).
 q - a +4 ring of protection
 E - the ring "Fogioten" {rC+ SInv}
   (You found it on level 3 of the Elven Halls)

   [ring of see invisible]

   rC+:       It protects you from cold.
   SInv:      It lets you see invisible.
 G - the ring "Suas" {Fly rF+ rN+ Str+2 Dex+4}
   (You found it on level 13 of the Dungeon)

   [ring of flight]

   Str+2:     It affects your strength (+2).
   Dex+4:     It affects your dexterity (+4).
   rF+:       It protects you from fire.
   rN+:       It protects you from negative energy.
   Fly:       It grants you flight.
 U - a ring of poison resistance
Wands
 s - a wand of acid (9)
 t - a wand of paralysis (65)
 v - a wand of flame (71)
 z - a wand of digging (10)
 A - a wand of iceblast (62)
Scrolls
 i - 2 scrolls of silence
 o - 3 scrolls of revelation
 u - 9 scrolls of immolation
 C - 10 scrolls of fog
 D - 22 scrolls of teleportation
 F - 9 scrolls of blinking
 H - 9 scrolls of vulnerability
 I - 7 scrolls of noise
 L - 3 scrolls of torment
 M - 8 scrolls of poison
 O - 12 scrolls of fear
Potions
 a - 13 potions of heal wounds
 b - 5 potions of magic
 h - 9 potions of enlightenment
 j - 19 potions of curing
 k - 9 potions of might
 l - 9 potions of ambrosia
 p - 3 potions of invisibility
 r - 11 potions of haste
 w - 5 potions of berserk rage
 x - 14 potions of lignification
 J - 6 potions of brilliance
 S - 8 potions of mutation
 T - 11 potions of attraction
 X - 2 potions of cancellation
 Z - 3 potions of resistance
Miscellaneous
 n - a lightning rod (4/4)
 N - a phial of floods
 V - a condenser vane


   Skills:
 - Level 24.0 Fighting
 + Level 23.9 Throwing
 - Level 16.0 Shields
 - Level 22.0 Unarmed Combat
 - Level 1.2 Spellcasting
 - Level 0.6 Conjurations
 - Level 6.0 Ice Magic
 - Level 2.0 Air Magic
 - Level 7.7 Evocations
 - Level 4.6 Shapeshifting


You had 10 spell levels left.
You knew the following spells:

 Your Spells              Type           Power      Damage    Failure   Level
a - Ozocubu's Armour      Ice            12%        N/A       100%        3
b - Blink                 Tloc           0%         N/A       100%        2
c - Fugue of the Fallen   Necr           0%         N/A       100%        3
d - Passwall              Erth           0%         N/A       100%        3
e - Borgnjor's Vile Clut  Necr/Erth      0%         N/A       100%        5

Your spell library contained the following spells:

 Spells                   Type           Power      Damage    Failure   Level
 Freeze                   Ice            48%        1d6       92%         1
 Apportation              Tloc           0%         N/A       100%        1
 Necrotise                Necr           0%         1d4       100%        1
 Sandblast                Erth           0%         2d4       100%        1
 Shock                    Conj/Air       12%        1d3       100%        1
 Sting                    Conj/Alch      4%         1d3       100%        1
 Cigotuvi's Dreadful Rot  Necr/Alch/Air  2%         N/A       100%        2
 Ensorcelled Hibernation  Hex/Ice        12%        N/A       100%        2
 Jinxbite                 Hex            0%         N/A       100%        2
 Lesser Beckoning         Tloc           0%         N/A       100%        2
 Mercury Vapours          Alch/Air       4%         N/A       100%        2
 Momentum Strike          Conj/Tloc      2%         3d8       100%        2
 Static Discharge         Conj/Air       6%         3-4/arc   100%        2
 Sublimation of Blood     Necr           0%         N/A       100%        2
 Frozen Ramparts          Ice            24%        1d4       100%        3
 Hailstorm                Conj/Ice       7%         3d5       100%        3
 Inner Flame              Hex/Fire       0%         N/A       100%        3
 Mephitic Cloud           Conj/Alch/Air  2%         N/A       100%        3
 Sigil of Binding         Hex            0%         N/A       100%        3
 Stone Arrow              Conj/Erth      2%         3d7       100%        3
 Swiftness                Air            4%         N/A       100%        3
 Vampiric Draining        Necr           0%         2d6       100%        3
 Airstrike                Air            2%         2d(1-17)  100%        4
 Anguish                  Hex/Necr       0%         N/A       100%        4
 Brom's Barrelling Bould  Conj/Erth      1%         2d3       100%        4
 Cause Fear               Hex            0%         N/A       100%        4
 Dimensional Bullseye     Hex/Tloc       0%         N/A       100%        4
 Dispel Undead            Necr           0%         3d6       100%        4
 Ignite Poison            Fire/Alch      0%         N/A       100%        4
 Iskenderun's Mystic Bla  Conj/Tloc      1%         2d3       100%        4
 Manifold Assault         Tloc           0%         N/A       100%        4
 Passage of Golubria      Tloc           0%         N/A       100%        4
 Petrify                  Alch/Erth      0%         N/A       100%        4
 Sticky Flame             Fire/Alch      0%         2d4       100%        4
 Alistair's Intoxication  Alch           0%         N/A       100%        5
 Curse of Agony           Necr           0%         N/A       100%        5
 Fireball                 Conj/Fire      0%         3d3       100%        5
 Freezing Cloud           Conj/Ice/Air   3%         6-21      100%        5
 Irradiate                Conj/Alch      0%         3d11      100%        5
 Metabolic Englaciation   Hex/Ice        3%         N/A       100%        5
 Silence                  Hex/Air        1%         N/A       100%        5
 Yara's Violent Unravell  Hex/Alch       0%         3d3       100%        5
 Dispersal                Tloc           0%         N/A       100%        6
 Eringya's Noxious Bog    Alch           0%         4d6       100%        6
 Enfeeble                 Hex            0%         N/A       100%        7
 Ozocubu's Refrigeration  Ice            6%         4d8       100%        7
 Disjunction              Tloc           0%         N/A       100%        8
 Ignition                 Fire           0%         3d3       100%        8
 Lehudib's Crystal Spear  Conj/Erth      0%         10d2      100%        8
 Chain Lightning          Conj/Air       1%         3d2       100%        9
 Fire Storm               Conj/Fire      0%         6d1       100%        9
 Polar Vortex             Ice            6%         N/A       100%        9
 Shatter                  Erth           0%         3d5*      100%        9
 Summon Small Mammal      Summ           Unusable   N/A       N/A         1
 Call Canine Familiar     Summ           Unusable   N/A       N/A         3
 Summon Ice Beast         Ice/Summ       Unusable   N/A       N/A         3
 Tukima's Dance           Hex            Unusable   N/A       N/A         3
 Animate Dead             Necr           Unusable   N/A       N/A         4
 Martyr's Knell           Necr/Summ      Unusable   N/A       N/A         4
 Summon Lightning Spire   Summ/Air       Unusable   N/A       N/A         4
 Summon Forest            Summ/Tloc      Unusable   N/A       N/A         5
 Summon Mana Viper        Hex/Summ       Unusable   N/A       N/A         5
 Death Channel            Necr           Unusable   N/A       N/A         6
 Sculpt Simulacrum        Ice/Alch       Unusable   N/A       N/A         6
 Summon Hydra             Summ           Unusable   N/A       N/A         7
 Dragon's Call            Summ           Unusable   N/A       N/A         9

Dungeon Overview and Level Annotations

Branches:
Dungeon (15/15)            Temple (1/1) D:6            Lair (5/5) D:8
 Shoals (4/4) Lair:3       Spider (4/4) Lair:2        Slime (5/5) Lair:4
    Orc (2/2) D:11            Elf (3/3) Orc:2        Vaults (5/5) D:14
  Crypt (0/3) Vaults:2     Depths (4/4) D:15            Zot (5/5) Depths:4

Altars:
Ashenzari
Cheibriados
Dithmenos
Elyvilon
Gozag
Kikubaaqudgha
Makhleb
Nemelex Xobeh
Okawaru
Qazlal
Ru
Sif Muna
Trog
Uskayaw
Vehumet
Wu Jian
Xom
Zin
The Shining One
Lugonu

Shops:
D:5 !   D:7 **?[   Orc:2 =*(?   Elf:1 [   Elf:2 [   Vaults:3 *   Depths:2 (

Portals:
Hell: Depths:1 Depths:2 Depths:3 Depths:4
Abyss: Depths:3
Pandemonium: Orc:2 Depths:1 Depths:2
Ziggurat: Depths:4

Annotations:
Spider:1 exclusion: downstairs
Elf:2 3 runed translucent doors
Depths:2 2 transporters
Zot:1 exclusion: downstairs


Innate Abilities, Weirdness & Mutations

You are too large for most types of armour.
You have claws for hands.
Your natural rate of healing is unusually fast.
You are covered in fur. (AC +1)
You have tough skin. (AC +1)
You cannot be stealthy.
You are hated by all.
You cannot train Dodging skill.
You cannot train Armour skill.
Your casting is slightly disrupted.
Armour fits poorly on your strangely shaped body.
Your body sometimes deteriorates upon taking damage.
You occasionally shout uncontrollably at your foes.
Your spells are a little easier to cast, but a little less powerful.


Message History

You focus your inner power and blind the sun demon in retribution!
You block the balrug's attack. The sun demon barely misses you.
You eviscerate the balrug!!!
You kill the balrug!
You redirect the sun demon's attack!
The sun demon barely misses the sun demon.
The sun demon hits you.
You are engulfed in flames.
You resist.
You closely miss the sun demon.
The sun demon hits you but does no damage.
The sun demon barely misses you.
You mangle the sun demon!! The sun demon hits you!
You are engulfed in flames.
You resist. The sun demon hits you.
You are engulfed in flames.
You resist. You block the sun demon's attack.
You mangle the sun demon!!
The sun demon is stunned by your conviction and fails to attack. x2
You claw the sun demon!
You kill the sun demon!
You feel yourself speed up.
The sun demon is stunned by your conviction and fails to attack.
Your lightning rod (4/4) has regained one charge.
You eviscerate the sun demon!!!
You kill the sun demon!
No target in view!
No target in view!
No target in view!
No target in view!
No target in view!
No target in view!
No target in view!
No target in view!
No target in view!
No target in view!
No target in view!
No target in view!
No target in view!
No target in view!
No target in view!
You start resting.
A chaos spawn comes into view.
You have escaped!

#########
........#
###########
#######.#
#.........#
......#.#
#.♣..@..♣.#
#####.#.#
#...).....#
....#.#.#
####...####
.##.#.#.#
#...#
.##.#.#.#
####...####
...>....#
#....)....#
.#÷.#.####
#.......>.#
.#†.#....#
#.4.......#
.#..####.#
####...####


You could see a chaos spawn.

Vanquished Creatures
  the Royal Jelly (Slime:5)
  Tiamat (Zot:4)
  6 dread liches
  4 orbs of fire (Zot:5)
  3 ancient liches
  Xtahua (Depths:4)
  Parghit (Zot:2)
  6 Killer Klowns (Zot:5)
  3 curse toes
  9 golden dragons
  the Enchantress (Depths:3)
  A hellephant (D:1)
  Arachne (Spider:2)
  3 electric golems
  Mlioglotl (Shoals:1)
  A lich (Vaults:2)
  15 tentacled monstrosities
  A deep elf blademaster (Elf:2)
  25 Orb Guardians (Zot:5)
  3 titans
  10 death cobs
  11 sphinxes
  2 deep elf master archers (Elf:3)
  4 quicksilver dragons
  22 acid blobs
  A kraken (Shoals:4)
  15 storm dragons
  9 shadow dragons
  6 tengu reavers
  3 draconian monks
  12 azure jellies
  8 rockslimes
  6 frost giants
  5 protean progenitors
  6 fire giants
  6 draconian knights
  A balrug (D:1)
  6 deep elf sorcerers
  2 deep elf elementalists
  4 draconian scorchers
  5 emperor scorpions
  6 ghost moths
  2 iron dragons
  12 vault wardens
  An orc warlord (Vaults:1)
  3 draconian stormcallers
  A reaper (D:1)
  2 draconian shifters
  5 spriggan defenders (Depths:3)
  21 ironbound preservers
  6 draconian annihilators
  10 stone giants
  10 quicksilver oozes
  9 very ugly things
  4 ironbound thunderhulks
  An eleionoma (Depths:3)
  2 vampire knights (Zot:3)
  9 broodmothers
  9 deep elf demonologists
  8 yellow draconians
  6 caustic shrike skeletons (Depths:3)
  9 formless jellyfish
  16 black draconians
  8 deep elf annihilators
  7 green draconians
  10 deep elf death magi
  5 red draconians
  19 white draconians
  9 war gargoyles
  12 purple draconians
  15 dire elephants
  2 spark wasps
  7 ettins
  A blizzard demon (D:1)
  11 entropy weavers
  6 merfolk impalers
  4 merfolk javelineers (Shoals:4)
  4 fire dragons
  3 jiangshi (Depths:2)
  4 deep elf high priests
  10 yaktaur captains
  10 great orbs of eyes
  2 hydras
  7 ogre magi
  7 ice dragons
  27 vault guards
  2 peacekeepers (Vaults:4)
  4 ironbound frosthearts
  2 demonspawn (Orc:2)
  4 spriggan air magi (Depths:3)
  A jorogumo (Spider:2)
  3 rakshasas
  12 centaur warriors
  6 radroaches
  A catoblepas (Lair:5)
  A merfolk avatar (Shoals:4)
  4 alligator snapping turtles
  10 boulder beetles
  16 dancing weapons
  13 two-headed ogres
  3 satyrs
  8 demonic crawlers
  7 merfolk aquamancers
  2 deep troll earth magi (Vaults:5)
  9 hell hogs
  3 deep troll shamans
  2 vampire magi (Depths:2)
  5 tengu warriors
  3 occultists
  11 death yaks
  7 orc high priests (Orc:2)
  7 spriggan berserkers
  10 sun demons
  A hell knight (Depths:1)
  16 deep elf knights
  A soul eater (Depths:1)
  A sixfirhy (D:14)
  A skeletal warrior (D:14)
  2 iron trolls
  A skyshark (shapeshifter) (Vaults:5)
  Lodul (D:11)
  5 sea snakes
  A sea snake (shapeshifter) (Vaults:5)
  5 skysharks
  7 spriggan druids (Depths:3)
  55 deep trolls
  An orb spider (shapeshifter) (Vaults:3)
  4 pharaoh ants
  A deep troll (shapeshifter) (Vaults:5)
  A flayed ghost (Vaults:5)
  3 sun moths
  An orange crystal statue (Zot:5)
  12 orb spiders
  6 glowing orange brains
  5 arcanists
  9 deep elf archers
  19 ironbound convokers
  26 deep elf pyromancers
  7 steelbarb worms
  7 lindwurms
  2 mana vipers (shapeshifter)
  17 deep elf zephyrmancers
  4 necromancers
  5 phantasmal warriors (Vaults:5)
  5 harpies (Vaults:2)
  10 orc knights
  7 fauns (Shoals:3)
  3 oklob plants
  7 shining eyes
  3 human zombies (Vaults:1)
  7 cyclopes
  A fire giant zombie (Vaults:1)
  4 orc sorcerers (Orc:2)
  20 wolf spiders
  17 ugly things
  7 black mambas
  7 meliai
  13 manticores
  11 elephants
  20 moths of wrath
  8 merfolk sirens
  12 vault sentinels
  7 water nymphs (Shoals:4)
  10 kobold blastminers
  2 eyes of devastation (Slime:5)
  2 molten gargoyles (Lair:5)
  3 smoke demons
  Jeremiah (D:8)
  3 torpor snails (Spider:4)
  The ghost of Zeldest the Slasher, a novice CoGl (D:6)
  3 centaur skeletons (D:14)
  10 cane toads
  2 gargoyles (D:12)
  A hellion (Depths:1)
  6 rime drakes
  A freezing wraith (Vaults:5)
  3 efreet
  16 yaktaurs
  3 tengu conjurers
  An ice devil (Orc:2)
  A kobold demonologist (D:12)
  A red devil (D:1)
  13 komodo dragons
  6 trolls
  13 hornets
  2 merfolk (shapeshifter)
  A queen bee (shapeshifter) (D:15)
  Grinder (D:2)
  A glass eye (Slime:5)
  29 tarantellas
  17 merfolk
  12 wind drakes
  3 polar bears
  A hornet (shapeshifter) (Vaults:5)
  19 blink frogs
  A harpy skeleton (D:14)
  9 snapping turtles
  A centaur simulacrum (D:14)
  16 jumping spiders
  6 wyverns
  76 slime creatures
  39 spriggans (Depths:3)
  17 culicivoras
  20 water elementals
  7 air elementals
  4 wraiths
  Eustachio (D:6)
  4 shadows
  2 vampires
  A ynoxinul (Depths:2)
  2 spriggans (shapeshifter)
  6 wargs
  7 basilisks
  The ghost of Krumphau the Chopper, an amateur MiFi (D:3)
  3 fire elementals
  59 yaks
  A steam dragon (Lair:5)
  A redback (shapeshifter) (Vaults:5)
  3 fire bats (Lair:3)
  6 golden eyes
  18 vampire mosquitoes
  75 redbacks
  A swamp worm (shapeshifter) (Vaults:5)
  4 acid dragons
  A naga (shapeshifter) (D:15)
  8 water moccasins
  Duvessa (D:5)
  3 hell hounds (Lair:5)
  A sky beast (shapeshifter) (Depths:3)
  35 orc warriors
  An ice beast (D:7)
  An elf simulacrum (Vaults:1)
  18 ogres
  21 wolves
  4 centaurs
  3 boggarts (D:14)
  3 black bears
  A phantom (D:6)
  2 kobold brigands
  8 bullfrogs
  6 earth elementals
  4 gnoll sergeants
  2 scorpions
  Dowan (D:5)
  18 killer bees
  5 electric eels (Lair:4)
  4 howler monkeys
  A bombardier beetle (D:4)
  9 lava snakes
  3 hounds
  5 jellies
  28 orc priests
  A gnoll bouda (D:6)
  3 sleepcaps
  5 hell rats (Lair:3)
  3 iguanas
  26 orc wizards
  24 gnolls
  6 adders
  4 white imps
  A dart slug (D:4)
  A ribbon worm (D:3)
  96 orcs
  8 ball pythons
  10 endoplasms
  4 giant cockroaches
  5 goblins
  7 hobgoblins
  6 jackals
  19 kobolds
  4 quokkas
  8 bats
  5 frilled lizards
  3 rats
  An aspiring flesh (Zot:5)
  2 tentacles (Shoals:4)
2153 creatures vanquished.

Vanquished Creatures (others)
  A deep elf blademaster (Elf:2)
  A storm dragon (Zot:3)
  A draconian knight (Zot:2)
  Louise (Shoals:4)
  A vault warden (Vaults:5)
  2 draconian stormcallers (Zot:2)
  A deep elf annihilator (Elf:3)
  A yaktaur captain (Vaults:2)
  An alligator snapping turtle (Shoals:4)
  2 demonic crawlers
  An iron troll (Depths:2)
  A sea snake (Shoals:3)
  A deep elf pyromancer (Elf:2)
  A vault sentinel (Vaults:2)
  A komodo dragon (Lair:5)
  A tengu conjurer (Depths:3)
  A yaktaur (Vaults:2)
  A wind drake (Shoals:4)
  A tarantella (Spider:4)
  A blink frog (Lair:5)
  2 hornets (Depths:3)
  A jumping spider (Spider:2)
  2 spriggans (Depths:3)
  A water elemental (Elf:3)
  3 redbacks
  2 ogres
  2 lava snakes
  An orc priest (D:12)
  An orc wizard (D:14)
  An orc (Orc:2)
  6 tentacles (Shoals:4)
44 creatures vanquished.

Grand Total: 2197 creatures vanquished

Notes
Turn   | Place    | Note
-------+----------+-------------------------------------------
     0 | D:1      | ragingrage the Troll Air Elementalist began the quest for
                  | the Orb.
     0 | D:1      | Reached XP level 1. HP: 16/16 MP: 1/1
    52 | D:1      | Reached skill level 1 in Unarmed Combat
   143 | D:1      | Reached XP level 2. HP: 24/24 MP: 2/2
   531 | D:1      | Reached XP level 3. HP: 29/31 MP: 0/3
  1434 | D:2      | Found a faded altar of an unknown god.
  1504 | D:2      | Reached XP level 4. HP: 35/39 MP: 4/4
  2176 | D:3      | Noticed Grinder
  2188 | D:3      | Paralysed by Grinder for 5 turns
  2196 | D:2      | Paralysed by Grinder for 4 turns
  2208 | D:2      | Killed Grinder
  2209 | D:2      | Reached skill level 5 in Unarmed Combat
  2209 | D:2      | Reached XP level 5. HP: 20/45 MP: 3/5
  2209 | D:2      | Reached XP level 6. HP: 23/53 MP: 3/6
  2467 | D:2      | Reached skill level 1 in Fighting
  2545 | D:3      | Found a runed translucent door.
  2546 | D:3      | Noticed Krumphau's ghost (amateur MiFi)
  2568 | D:3      | Found a runed translucent door.
  2627 | D:3      | Found a shimmering altar of Xom.
  2806 | D:4      | Reached XP level 7. HP: 61/62 MP: 7/7
  3092 | D:4      | Reached skill level 2 in Fighting
  3551 | D:5      | Entered Level 5 of the Dungeon
  3811 | D:5      | Got Sif Muna's Teachings on the Faeries
  3824 | D:5      | Learned a level 2 spell: Blink
  4134 | D:5      | Noticed Duvessa
  4139 | D:5      | Noticed Dowan
  4149 | D:5      | Killed Duvessa
  4150 | D:5      | Reached skill level 3 in Fighting
  4150 | D:5      | Reached XP level 8. HP: 68/75 MP: 8/8
  4156 | D:5      | Killed Dowan
  4292 | D:5      | Found Kusoemoe's Distillery.
  4299 | D:5      | Bought a potion of heal wounds for 65 gold pieces
  4299 | D:5      | Bought a potion of curing for 39 gold pieces
  4299 | D:5      | Bought a potion of lignification for 39 gold pieces
  4733 | D:6      | Noticed Eustachio
  4751 | D:6      | Killed Eustachio
  4806 | D:6      | Found a staircase to the Ecumenical Temple.
  4837 | Temple   | Entered the Ecumenical Temple
  4846 | Temple   | Became a worshipper of Ru the Awakened
  4961 | D:6      | Reached skill level 10 in Unarmed Combat
  5114 | D:6      | Found a basalt altar of Yredelemnul.
  5269 | D:6      | Reached skill level 1 in Evocations
  5422 | D:6      | Reached XP level 9. HP: 74/83 MP: 9/9
  5525 | D:6      | Found a runed translucent gate.
  5527 | D:6      | Found a runed translucent gate.
  5529 | D:6      | Found a runed translucent gate.
  5549 | D:6      | Noticed Zeldest's ghost (novice CoGl)
  5732 | D:6      | Found a roughly hewn altar of Beogh.
  5984 | D:7      | Found Yfaquarr's General Store.
  5984 | D:7      | Found Qimipt's Antique Armour Shop.
  5984 | D:7      | Found Xutiafe Ocath's Assorted Antiques.
  5984 | D:7      | Found Nollauj's Magic Scroll Shop.
  5991 | D:6      | Reached skill level 4 in Fighting
  6232 | D:7      | Reached skill level 1 in Throwing
  6556 | D:6      | Reached skill level 5 in Fighting
  6610 | D:7      | Bought a scroll of teleportation for 39 gold pieces
  6614 | D:7      | Bought a glowing inky potion for 22 gold pieces
  6614 | D:7      | Bought a scroll labelled XYIVVA TANWI for 25 gold pieces
  6614 | D:7      | Bought a scroll labelled SUKHIM FEVIDE for 25 gold pieces
  6663 | D:7      | Gained mutation: You cannot train Armour skill. [Ru
                  | sacrifice]
  6663 | D:7      | Reached * piety under Ru
  6870 | D:8      | Reached XP level 10. HP: 66/96 MP: 10/10
  6953 | D:8      | Noticed Jeremiah
  7144 | D:8      | Found a staircase to the Lair.
  7338 | D:8      | You fall into a shaft and drop 3 floors!
  7372 | D:11     | Found a staircase to the Orcish Mines.
  7376 | D:12     | Noticed a two-headed ogre
  7472 | D:11     | Noticed a cyclops
  7476 | D:11     | Killed a cyclops
  7477 | D:11     | Reached skill level 6 in Fighting
  7540 | D:11     | Noticed Lodul
  7551 | D:10     | Entered Level 10 of the Dungeon
  7641 | D:10     | Reached skill level 5 in Throwing
  7839 | D:10     | Reached XP level 11. HP: 45/107 MP: 11/11
  8259 | D:11     | Found a shimmering blue altar of Sif Muna.
  8327 | D:11     | Gained mutation: You are hated by all. [Ru sacrifice]
  8327 | D:11     | Reached ** piety under Ru
  8327 | D:11     | Reached *** piety under Ru
  8529 | D:11     | Reached skill level 7 in Fighting
  8613 | D:11     | Noticed a white ugly thing
  8620 | D:11     | Killed a white ugly thing
  9152 | D:9      | Noticed a two-headed ogre
  9166 | D:9      | Killed a two-headed ogre
  9167 | D:9      | Noticed a tengu warrior
  9174 | D:9      | Killed a tengu warrior
  9409 | D:9      | Noticed a deep elf pyromancer
  9409 | D:9      | Noticed a centaur warrior
  9418 | D:9      | Killed a centaur warrior
  9419 | D:9      | Reached skill level 1 in Shields
  9424 | D:9      | Killed a deep elf pyromancer
  9513 | D:9      | Identified the +2 great sword of the Past {heavy, rF+ Will+
                  | Str-3}
  9672 | D:9      | Gained mutation: You cannot train Dodging skill. [Ru
                  | sacrifice]
  9672 | D:9      | Reached **** piety under Ru
  9672 | D:9      | Reached ***** piety under Ru
 10632 | D:8      | Killed Jeremiah
 11011 | Lair:1   | Entered Level 1 of the Lair of Beasts
 11058 | Lair:1   | Reached XP level 12. HP: 119/119 MP: 12/12
 11160 | Lair:1   | Gained mutation: Your casting is slightly disrupted. [Ru
                  | sacrifice]
 11212 | Lair:1   | Reached skill level 8 in Fighting
 11687 | Lair:1   | Reached skill level 15 in Unarmed Combat
 12224 | Lair:2   | Reached skill level 5 in Evocations
 12317 | Lair:2   | Gained mutation: You cannot be stealthy. [Ru sacrifice]
 12317 | Lair:2   | Reached ****** piety under Ru
 12691 | Lair:2   | Found a hole to the Spider Nest.
 13239 | Lair:3   | Found a staircase to the Shoals.
 13383 | Lair:3   | You fall into a shaft and drop 1 floor!
 13410 | Lair:4   | Found a staircase to the Slime Pits.
 13462 | Lair:4   | Noticed an eight-headed hydra
 13467 | Lair:4   | Reached XP level 13. HP: 118/128 MP: 13/13
 13737 | Lair:4   | Reached skill level 5 in Shields
 14516 | Lair:5   | Entered Level 5 of the Lair of Beasts
 14533 | Lair:5   | Reached skill level 9 in Fighting
 15271 | Lair:5   | Found a large runed translucent door.
 15271 | Lair:5   | Found a large runed translucent door.
 15948 | Lair:5   | Noticed a fire dragon
 16178 | Lair:3   | Reached XP level 14. HP: 123/141 MP: 14/14
 16425 | Lair:3   | Reached skill level 10 in Fighting
 17117 | D:10     | Found an ancient bone altar of Kikubaaqudgha.
 17117 | D:10     | Found a stormy altar of Qazlal.
 17473 | D:7      | Bought a potion of heal wounds for 125 gold pieces
 17473 | D:7      | Bought a potion of heal wounds for 125 gold pieces
 17473 | D:7      | Bought a pitted granite ring for 125 gold pieces
 17473 | D:7      | Identified the ring "Dapomun" {rElec rN+ MP+9} (You bought
                  | it in a shop on level 7 of the Dungeon)
 17627 | Orc:1    | Entered Level 1 of the Orcish Mines
 17746 | Orc:2    | Entered Level 2 of the Orcish Mines
 17746 | Orc:2    | Found a staircase to the Elven Halls.
 18230 | Orc:2    | Found Denie's Magic Scroll Boutique.
 18232 | Orc:2    | Found Sosarph's General Store.
 19225 | Orc:2    | Bought a scroll of fear for 44 gold pieces
 19286 | Orc:2    | Reached skill level 10 in Throwing
 20044 | Orc:2    | Found Pub Tup's Antique Weapon Shoppe.
 20044 | Orc:2    | Found Ymatumed's Jewellery Emporium.
 20045 | Orc:2    | Found a one-way gate leading to the halls of Pandemonium.
 20133 | D:12     | Reached skill level 10 in Shields
 20627 | D:11     | Killed Lodul
 20846 | D:12     | Identified the +6 whip "Uricsoe" {antimagic, rF+++ rN+++
                  | Dex-2 Stlth+}
 21256 | Orc:2    | Bought an amulet of guardian spirit for 390 gold pieces
 21493 | D:12     | Got the Omnibus of Beguiling
 21747 | D:12     | Reached XP level 15. HP: 116/139 MP: 9/15
 22438 | D:13     | Identified the ring "Suas" {Fly rF+ rN+ Str+2 Dex+4}
 24045 | D:14     | Identified a scroll of acquirement
 24046 | D:14     | Acquired a manual of Throwing
 24187 | Orc:2    | Bought a scroll of acquirement for 728 gold pieces
 24187 | Orc:2    | Acquired 413 gold pieces
 24471 | D:14     | Found a gate to the Vaults.
 24655 | D:14     | Found a hide-covered altar of Uskayaw.
 24817 | D:15     | Entered Level 15 of the Dungeon
 24870 | D:15     | Reached skill level 11 in Fighting
 24956 | D:15     | Paralysed by an ogre mage for 4 turns
 25281 | D:15     | Found a staircase to the Depths.
 26133 | Elf:1    | Entered Level 1 of the Elven Halls
 26331 | Elf:1    | Found Qedesite's Armour Emporium.
 26732 | Elf:1    | Reached XP level 16. HP: 104/139 MP: 10/16
 28051 | Elf:1    | Reached skill level 15 in Throwing
 28268 | Spider:1 | Entered Level 1 of the Spider Nest
 30120 | Spider:2 | Noticed Arachne
 30563 | Spider:2 | Killed Arachne
 32745 | Spider:3 | Reached XP level 17. HP: 127/148 MP: 14/17
 34041 | Spider:4 | Entered Level 4 of the Spider Nest
 34074 | Spider:3 | Reached skill level 12 in Fighting
 35056 | Spider:3 | Identified the +1 robe of Vosasar {Regen+ Str-4 Dex+4}
 38721 | Spider:4 | Reached skill level 13 in Fighting
 39358 | Spider:4 | Found the +3 hat of Pondering {ponderous, Will+ MP+10
                  | Int+5}
 39518 | Spider:4 | Got a gossamer rune of Zot
 39735 | Shoals:1 | Entered Level 1 of the Shoals
 39743 | Shoals:1 | Noticed Mlioglotl
 39761 | Shoals:1 | Killed Mlioglotl
 40661 | Shoals:2 | Identified the ring "Koguec" {Int+4 Dex+6}
 41183 | Shoals:2 | Reached skill level 14 in Fighting
 42558 | Shoals:3 | Reached XP level 18. HP: 156/189 MP: 18/18
 43144 | Shoals:3 | Reached skill level 1 in Shapeshifting
 43341 | Shoals:4 | Entered Level 4 of the Shoals
 43341 | Shoals:4 | Found a stormy altar of Qazlal.
 43398 | Shoals:4 | Paralysed by an air elemental for 1 turns
 43421 | Shoals:4 | Paralysed by an air elemental for 1 turns
 44916 | Shoals:3 | Reached skill level 15 in Fighting
 45254 | Shoals:4 | Found a stormy altar of Qazlal.
 45334 | Shoals:4 | Noticed Louise
 45362 | Shoals:4 | Killed Louise
 46465 | Shoals:4 | Paralysed by an air elemental for 1 turns
 47555 | Shoals:4 | Paralysed by an air elemental for 1 turns
 48023 | Shoals:4 | Got a barnacled rune of Zot
 48025 | Shoals:4 | Got the Verses on Glacial Despair
 48028 | Shoals:4 | Identified the staff "Zugahiu" {rElec rC+ Will+ Str+4 Air}
 49004 | Elf:2    | Found Naqakly's Armour Boutique.
 49123 | Elf:2    | Found a runed translucent gate.
 49123 | Elf:2    | Found a runed translucent gate.
 49123 | Elf:2    | Found a runed translucent gate.
 49451 | Elf:3    | Entered Level 3 of the Elven Halls
 49458 | Elf:3    | Reached skill level 16 in Fighting
 49733 | Elf:3    | Identified the ring "Fogioten" {rC+ SInv}
 49837 | Elf:3    | Identified the +5 quarterstaff of Bebraceq {heavy, rF+ rN+}
 50606 | Elf:3    | Identified the +5 short sword "Enwolaim" {heavy, rPois rC+
                  | Dex+2 Stlth+}
 51304 | Elf:3    | Identified the +4 short sword "Ofeguin" {pain, *Corrode
                  | rElec rN+++}
 51308 | Elf:3    | Reached XP level 19. HP: 206/206 MP: 19/19
 52012 | Elf:3    | Identified the +1 robe of the Blind Marksman {Rampage
                  | *Corrode Regen+ Archmagi}
 52070 | Elf:2    | Reached skill level 17 in Fighting
 52654 | Elf:3    | Paralysed by an air elemental for 1 turns
 53422 | Elf:3    | Identified the +4 flail of the Ferocious God {antimagic,
                  | Int-4 Dex+4 SInv}
 53649 | Elf:3    | Learned a level 3 spell: Ozocubu's Armour
 53667 | Elf:3    | Identified the +4 sling "Rouc" {speed, Will+ Str-2 SInv}
 54119 | Vaults:1 | Entered Level 1 of the Vaults
 54221 | Vaults:1 | Reached skill level 1 in Ice Magic
 55104 | Vaults:1 | Reached skill level 5 in Ice Magic
 55225 | Vaults:1 | Reached skill level 18 in Fighting
 56133 | Vaults:2 | Found a staircase to the Crypt.
 56282 | Vaults:2 | Found a glowing golden altar of the Shining One.
 56547 | Vaults:2 | Reached XP level 20. HP: 175/223 MP: 20/20
 56558 | Vaults:2 | Reached skill level 19 in Fighting
 56739 | Vaults:2 | Learned a level 3 spell: Fugue of the Fallen
 57500 | Vaults:3 | Paralysed by a formless jellyfish for 1 turns
 57552 | Vaults:3 | Learned a level 3 spell: Passwall
 58060 | Vaults:3 | Found a runed translucent door.
 58144 | Vaults:3 | Paralysed by a formless jellyfish for 1 turns
 58439 | Vaults:3 | You fall into a shaft and drop 1 floor!
 58629 | Vaults:4 | Reached skill level 20 in Fighting
 58822 | Vaults:3 | Found Zesor's General Store.
 58827 | Vaults:3 | Bought a scroll of blinking for 82 gold pieces
 58897 | Vaults:3 | Identified the +1 chain mail "Etiptoalor" {rCorr}
 59966 | Vaults:4 | Acquired 544 gold pieces
 60471 | Vaults:4 | Reached XP level 21. HP: 228/228 MP: 21/21
 60677 | Depths:1 | Entered Level 1 of the Depths
 61497 | Depths:2 | Found a transporter.
 62364 | Depths:2 | Found Wien's Weapon Boutique.
 62597 | Depths:2 | Found a gateway to Hell.
 62874 | Depths:2 | Learned a level 5 spell: Borgnjor's Vile Clutch
 63952 | Depths:3 | Identified the +0 robe of Irksome Life {Will+ Str+3 Stlth-}
 63952 | Depths:3 | Identified the +5 buckler of Midnight {Rampage rC+ rCorr
                  | Str+3}
 64269 | Depths:3 | Found a one-way gate to the infinite horrors of the Abyss.
 64764 | Depths:3 | Reached skill level 21 in Fighting
 65099 | Depths:3 | Noticed the Enchantress
 65105 | Depths:3 | Killed the Enchantress
 65335 | Depths:3 | Got Hedghi Fuax's Omnibus of the Oath and Haze
 65928 | Depths:3 | Found a bloodstained altar of Trog.
 66384 | Depths:4 | Entered Level 4 of the Depths
 66653 | Depths:4 | Noticed Xtahua
 66661 | Depths:4 | Killed Xtahua
 66852 | Depths:4 | Found a one-way gateway to a ziggurat.
 66860 | Depths:4 | Identified the +3 long sword "Uqykit" {antimagic, rN+ Will+
                  | rCorr Dex+3}
 67136 | Depths:4 | Found an ornate altar of the Wu Jian Council.
 67167 | Depths:4 | Identified the +6 halberd "Xodacot" {heavy, ^Drain rCorr
                  | Str+4}
 67293 | Depths:4 | Noticed a golden dragon
 67381 | Depths:4 | Killed a golden dragon
 67389 | Depths:4 | Reached XP level 22. HP: 243/243 MP: 22/22
 67484 | Depths:4 | Found a gate to the Realm of Zot.
 68099 | Slime:1  | Entered Level 1 of the Pits of Slime
 68132 | Slime:1  | Gained mutation: Your body sometimes deteriorates upon
                  | taking damage. [a shining eye]
 68589 | Slime:2  | Paralysed by a formless jellyfish for 1 turns
 69818 | Slime:4  | Gained mutation: Armour fits poorly on your strangely
                  | shaped body. [a shining eye]
 70081 | Slime:5  | Entered Level 5 of the Pits of Slime
 71379 | Slime:5  | Noticed the Royal Jelly
 71392 | Slime:5  | Killed the Royal Jelly
 71570 | Slime:5  | Paralysed by a formless jellyfish for 1 turns
 71663 | Slime:5  | Identified the +3 chain mail of Sang {rElec Int+3}
 71671 | Slime:5  | Identified the amulet "Yrolefri" {RegenMP rPois}
 71725 | Slime:5  | Got a slimy rune of Zot
 71759 | Slime:5  | Identified the +0 robe "Zotid" {rF+++ Dex-4}
 71798 | Slime:5  | Got the Discourse on Prima Materia
 71886 | Slime:5  | Reached skill level 22 in Fighting
 71935 | Slime:5  | Got the Book of the Platytaur
 72791 | Vaults:5 | Entered Level 5 of the Vaults
 72823 | Vaults:5 | Noticed an ancient lich
 72834 | Vaults:5 | Killed an ancient lich
 72890 | Vaults:5 | Identified the +3 sling "Evveoxkoe" {freeze, *Slow rPois
                  | Dex+2}
 73025 | Vaults:5 | Identified the staff "Foopt" {SInv Conj}
 73337 | Vaults:5 | Noticed a dread lich
 73343 | Vaults:5 | Killed a dread lich
 73883 | Vaults:5 | Reached XP level 23. HP: 265/265 MP: 23/23
 74316 | Vaults:5 | Noticed an ancient lich
 74364 | Vaults:5 | Killed an ancient lich
 75046 | Vaults:5 | Identified the +0 plate armour "Adwuite" {+Blink rCorr
                  | Str+4 Dex-5}
 75214 | Vaults:5 | Reached skill level 23 in Fighting
 75225 | Vaults:5 | Got a silver rune of Zot
 75552 | Vaults:5 | Identified the staff of the Big Fish {rPois rN+ Int+4 Dex+2
                  | Necro Ice}
 76238 | D:7      | Bought a scroll of enchant armour for 75 gold pieces
 76238 | D:7      | Bought a scroll of enchant armour for 75 gold pieces
 76238 | D:7      | Bought a scroll of fog for 40 gold pieces
 77867 | D:3      | Killed Krumphau's ghost
 78032 | D:6      | Killed Zeldest's ghost
 78587 | Depths:2 | Found a transporter.
 78587 | Depths:2 | Found a corrupted altar of Lugonu.
 78660 | Zot:1    | Entered Level 1 of the Realm of Zot
 79000 | Zot:1    | Identified the +11 orcbow "Wit Lok" {drain, ^Drain rElec
                  | Int+2 SInv}
 79233 | Zot:2    | Noticed Parghit
 80899 | Zot:2    | Reached XP level 24. HP: 231/278 MP: 23/23
 80916 | Zot:2    | Killed Parghit
 83032 | Zot:3    | Noticed a dread lich
 83040 | Zot:3    | Killed a dread lich
 83307 | Zot:3    | Noticed a dread lich
 83309 | Zot:3    | Killed a dread lich
 83489 | Zot:3    | Identified the staff of Pino Xeu {rPois Will++ Str+2 Summ
                  | Alchemy}
 83528 | Zot:3    | Noticed a dread lich
 83538 | Zot:3    | Killed a dread lich
 84689 | Zot:4    | Found the +4 dragonskin cloak
 84689 | Zot:4    | Noticed Tiamat
 85131 | Zot:4    | Killed Tiamat
 85882 | Zot:4    | Reached skill level 15 in Shields
 86684 | Zot:5    | Entered Level 5 of the Realm of Zot
 87567 | Zot:5    | Reached XP level 25. HP: 288/288 MP: 23/23
 87631 | Zot:5    | Noticed an orb of fire
 88138 | Zot:5    | Noticed a Killer Klown
 88144 | Zot:5    | Killed a Killer Klown
 88285 | Zot:5    | Noticed a dread lich
 88291 | Zot:5    | Killed a dread lich
 88688 | Zot:5    | Noticed a Killer Klown
 88699 | Zot:5    | Killed a Killer Klown
 89153 | Zot:5    | Noticed an ancient lich
 89155 | Zot:5    | Noticed an orb of fire
 89156 | Zot:5    | Killed an ancient lich
 89159 | Zot:5    | Killed an orb of fire
 89336 | Zot:5    | Noticed a Killer Klown
 89342 | Zot:5    | Killed a Killer Klown
 89700 | Zot:5    | Noticed a dread lich
 89701 | Zot:5    | Killed a dread lich
 89702 | Zot:5    | Reached skill level 24 in Fighting
 89704 | Zot:5    | Noticed an orb of fire
 89712 | Zot:5    | Killed an orb of fire
 89798 | Zot:5    | Killed an orb of fire
 90158 | Zot:5    | Noticed a Killer Klown
 90165 | Zot:5    | Noticed a Killer Klown
 90169 | Zot:5    | Killed a Killer Klown
 90184 | Zot:5    | Killed a Killer Klown
 90227 | Zot:5    | Noticed a Killer Klown
 90255 | Zot:5    | Killed a Killer Klown
 90416 | Zot:5    | Noticed an orb of fire
 90417 | Zot:5    | Gained mutation: You occasionally shout uncontrollably at
                  | your foes. [an orb of fire]
 90423 | Zot:5    | Gained mutation: Your spells are a little easier to cast,
                  | but a little less powerful. [an orb of fire]
 90427 | Zot:5    | Killed an orb of fire
 92973 | Zot:5    | Got the Orb of Zot
 93226 | D:15     | Noticed Amucody the pandemonium lord
 93674 | D:$      | Escaped with the Orb!

Illustrated notes

Levels and vault maps discovered:
D:1:      minmay_arrival_hallway, layout_basic, nicolae_figureground_sparkle
D:2:      layout_loops_ring, dreamdust_ecumenical_altar_sealed_demon
D:3:      layout_rooms, xom_teletrap_fun, ebering_ghost_sewer_f, uniq_grinder
D:4:      layout_loops_corners
D:5:      layout_loops_corners, serial_library,
          serial_library_regret_index_multi,
          serial_library_hellmonk_reading_circle,
          serial_library_hellmonk_room_c,
          serial_library_regret_index_double_sided,
          serial_library_hellmonk_metal_room,
          serial_library_hellmonk_open_cross,
          serial_library_hellmonk_open_cross, serial_shops,
          nicolae_shop_industrial_runoff, uniq_duvessa
D:6:      layout_basic, amcnicky_altar_gilded, minmay_temple_entry_poolview,
          biasface_ghost_orc_armoury, minmay_three_doors, uniq_eustachio
D:7:      layout_rooms, minmay_shop_grid_forest
D:8:      layout_loops_ring, david_lair_shrubbed, grunt_decor_one_mirror,
          kennysheep_generic_room_7, uniq_jeremiah
D:9:      minmay_the_grid_four_pointed_star
          [minmay_the_grid_triangle_9x9_negative_grid,
          minmay_the_grid_triangle_9x9_wacky_v,
          minmay_the_grid_triangle_9x9_shrine,
          minmay_the_grid_triangle_9x9_swiss_cheese,
          minmay_the_grid_prize_shrinking_boxes], layout_layer_cave
D:10:     dreamdust_cave_troll, layout_layer_cave,
          mainiacjoe_overflow_divided_tiny
D:11:     layout_roguey, orc_0_dummy, st_stairs_12, lemuel_blue_sif_altar,
          uniq_lodul
D:12:     layout_long_grid, kennysheep_kite_vault
D:13:     layout_basic
D:14:     layout_roguey, hangedman_vaults_entry_quadrant_bands,
          nicolae_uskayaw_en_pointe
D:15:     hangedman_depths_entry_civil_slaughter, layout_gridville,
          minmay_misc_feat_hallway
Temple:   mainiacjoe_temple_coin_purse
Lair:1:   layout_long_grid
Lair:2:   layout_regular_city, hellmonk_spider_entry_not_the_bees,
          grunt_megastairs_1
Lair:3:   layout_chaotic_city, minmay_shoals_entry_hut,
          nicolae_volcano_entry_batcave
Lair:4:   layout_roguey, slime_entry_2, nicolae_lair_liquid_snakes
Lair:5:   cheibrodos_lair_end_hotspot, layout_gridlike
Shoals:1: layout_shoals, uniq_mlioglotl
Shoals:2: layout_shoals, nicolae_shoals_this_corrosion
Shoals:3: layout_shoals
Shoals:4: shoals_end_hellmonk_storm_palace [storm_palace_center_square,
          storm_palace_corner_altar, storm_palace_corner_narrow,
          storm_palace_corner_altar, storm_palace_corner_narrow], uniq_louise
Spider:1: layout_spider_delve
Spider:2: layout_chambers, nicolae_arachne_temple,
          hangedman_spider_tarantella_strand
Spider:3: layout_spider_delve, hellmonk_motheaten_closet
Spider:4: hellmonk_spider_rune_endless_swarm
Slime:1:  layout_caves, nicolae_slime_barrier,
          cheibrodos_slime_lost_civilization_6
Slime:2:  layout_caves, cheibrodos_slime_lost_civilization_5
Slime:3:  layout_caves
Slime:4:  layout_caves
Slime:5:  slime_pit_nicolae_amoeboid
Orc:1:    layout_diamond_mine, basic_altar, nicolae_orc_takin'_care_of_business
Orc:2:    pf_orc_diabolical, layout_caves, portal_ice_cave_rime, basic_altar,
          blackcustard_rock_pile
Elf:1:    layout_onion_city, serial_shops, shop, serial_library,
          serial_library_regret_index_boxing,
          serial_library_hellmonk_double_dead_end,
          serial_library_hellmonk_open_square,
          serial_library_regret_index_branch_corner,
          serial_library_regret_index_small_wings,
          serial_library_hellmonk_open_cross,
          serial_library_hellmonk_filled_rooms,
          serial_library_regret_index_double_sided,
          serial_library_regret_index_multi, serial_library_regret_index_boxing
Elf:2:    elven_hall_of_blades_hangedman_original
          [nicolae_blade_entry_hurt_lockers], layout_loops_cross, serial_shops,
          shop
Elf:3:    grunt_elf_hall_spiral, layout_loops_cross
Vaults:1: nicolae_vaults_angled_halls, nicolae_vaults_door_testing_chamber,
          v_misc_24, nicolae_vaults_border_crossing, nicolae_vaults_theta,
          nicolae_vaults_alarming, layout_vaults_chaotic_city
Vaults:2: minmay_crypt_entry_nasty_monster, hangedman_vaults_snaps, v_rooms_5,
          v_misc_12, ontoclasm_vaults_ring_square, nicolae_vaults_wrenched,
          lemuel_angel_altar, vaults_mumra_minichess, ontoclasm_vaults_hangar,
          vaults_room_stairs_pillars, nicolae_vaults_apartment_2,
          layout_vaults_ring
Vaults:3: v_misc_33, nicolae_vaults_oozy_zoo, nicolae_vaults_meiosis,
          vaults_room_semicircle, nicolae_vaults_offset_grid_hallway_1,
          nicolae_vaults_surprise_closet, grunt_vaults_funnel, v_misc_27,
          v_misc_33, vaults_room_grid, vaults_room_pool, layout_vaults_omnibox,
          serial_shops, nicolae_shop_rolling_square
Vaults:4: nicolae_vaults_angled_halls, ontoclasm_vaults_loading_screen,
          st_hourglassy, grunt_vaults_diagonal,
          nicolae_vaults_closet_pinwheel_1, nicolae_vaults_little_squares_6,
          nicolae_vaults_spaceships, nicolae_vaults_trapezoid_lopsided_2,
          hangedman_vaults_trim, v_pattern_1, v_alt_pattern_6,
          nicolae_vaults_trapezoid_2, ontoclasm_vaults_bender,
          nicolae_vaults_diagonal_hallway_9, layout_vaults_maze
Vaults:5
Depths:1: layout_cave_shapes, hellmouth_3, minmay_misc_feat_x, pan_entry,
          nicolae_figureground_pulse, serial_bayou_shore_b
Depths:2: gammafunk_corrupted_shrine, layout_honeycomb,
          grunt_pan_entry_in_and_out, serial_shops, nicolae_shop_statue_plus,
          hell_entry, roderic_roman_lattice
Depths:3: spriggan_forest, hell_entry, abyss_entry
Depths:4: grunt_crosshair, layout_cave_shapes, enter_ziggurat_c,
          nicolae_wu_jian_wuxing_cycle, hell_entry, uniq_xtahua,
          uniq_enchantress
Zot:1:    layout_cathedral_of_symmetry, regret_index_zotdec_ex,
          grunt_megastairs_4
Zot:2:    layout_concentric_octagons, regret_index_zotdec_silver_v_v_orig_slice,
          uniq_parghit
Zot:3:    hellmonk_paralyzer, layout_cathedral_of_symmetry
Zot:4:    layout_concentric_octagons, uniq_tiamat
Zot:5:    layout_gridlike

Skill      XL: |  1  2  3  4  5  6  7  8  9 10 11 12 13 14 15 16 17 18 19 20 21 22 23 24 25 |
---------------+----------------------------------------------------------------------------+-----
Unarmed Combat | 1 2 3 5 6 7 10 11 12 14 15 16 17 20 21 22 | 22.0
Stealth        | 2 0 |  0.0
Fighting       | 1 3 5 6 7 8 9 10 11 14 16 18 20 21 22 23 24 | 24.0
Evocations     | 1 3 4 5 6 7 |  7.7
Throwing       | 3 6 8 10 13 16 17 18 21 22 23 | 23.9
Shields        | 2 4 7 10 12 14 15 16 | 16.0
Dodging        | 0 |  0.0
Shapeshifting  | 4 |  4.6
Ice Magic      | 5 6 |  6.0
Spellcasting   | |  1.2
Conjurations   | |  0.6
Air Magic      | |  2.0

Action                     |  1- 3 |  4- 6 |  7- 9 | 10-12 | 13-15 | 16-18 | 19-21 | 22-24 | 25-27 || total
---------------------------+-------+-------+-------+-------+-------+-------+-------+-------+-------++-------
  Melee: Unarmed           |    64 |   102 |   209 |   522 |  1005 |  1262 |  1129 |   723 |   140 ||  5156
         Punch             |       |     1 |    11 |    14 |       |       |       |       |       ||    26
  Throw: Dart              |       |       |       |    13 |       |   157 |       |       |       ||   170
         Boomerang         |       |       |       |    15 |    75 |   386 |   267 |   285 |       ||  1028
         Javelin           |       |       |       |     3 |     4 |    12 |     7 |    18 |    16 ||    60
         Large rock        |       |       |       |       |       |     8 |     3 |   422 |   151 ||   584
         Throwing net      |       |       |       |       |       |     2 |       |     1 |       ||     3
   Cast: Shock             |    22 |    11 |    11 |       |       |       |       |       |       ||    44
         Ozocubu's Armour  |       |       |       |       |       |       |     3 |       |       ||     3
 Invoke: Sacrifice Durabil |       |       |     1 |       |       |       |       |       |       ||     1
         Draw Out Power    |       |       |       |     2 |     2 |     2 |     1 |       |       ||     7
         Sacrifice Love    |       |       |       |     1 |       |       |       |       |       ||     1
         Sacrifice Nimblen |       |       |       |     1 |       |       |       |       |       ||     1
         Apocalypse        |       |       |       |     2 |    11 |     7 |     5 |     9 |       ||    34
         Sacrifice Essence |       |       |       |     1 |       |       |       |       |       ||     1
         Sacrifice Stealth |       |       |       |     1 |       |       |       |       |       ||     1
         Power Leap        |       |       |       |       |     1 |       |       |     2 |       ||     3
  Evoke: Wand              |       |       |       |     8 |     1 |     9 |     1 |     3 |     1 ||    23
         Phial of floods   |       |       |       |       |     1 |     1 |       |       |       ||     2
         Condenser vane    |       |       |       |       |       |     2 |     3 |     1 |       ||     6
         Lightning rod     |       |       |       |       |       |       |       |       |     4 ||     4
    Use: Potion            |       |     3 |     1 |       |       |     2 |       |     3 |     1 ||    10
         Scroll            |       |       |     1 |       |    22 |     4 |     2 |    11 |     4 ||    44
   Stab: Sleeping          |     2 |     4 |     1 |     2 |       |       |       |       |       ||     9
         Distracted        |       |       |       |     1 |     7 |     5 |     2 |     3 |     1 ||    19
         Paralysed         |       |       |       |     5 |    13 |    10 |    11 |    14 |       ||    53
         Petrified         |       |       |       |     3 |       |       |       |       |       ||     3
         Invisible         |       |       |       |     2 |    10 |    20 |     5 |     2 |     1 ||    40
         Held in net/web   |       |       |       |       |       |     2 |       |       |       ||     2
 Armour: Robe              |    38 |    91 |   197 |   298 |    79 |       |       |       |       ||   703
         Steam dragon scal |       |       |       |       |   256 |       |       |       |       ||   256
         Acid dragon scale |       |       |       |       |   173 |   849 |   589 |       |       ||  1611
         Skin              |       |       |       |       |       |       |     2 |       |       ||     2
         Gold dragon scale |       |       |       |       |       |       |       |   640 |   117 ||   757
  Dodge: Dodged            |    37 |    46 |    83 |   137 |   156 |   235 |   139 |    31 |     7 ||   871
  Block: Kite shield       |       |       |       |   109 |   523 |   556 |   370 |   282 |    55 ||  1895
         Reflection        |       |       |       |     5 |    40 |    27 |    27 |       |       ||    99

Table legend: (Time is in decaauts)
 A = Elapsed time spent in this place.
 B = Non-inter-level travel time spent in this place.
 C = Inter-level travel time spent in this place.
 D = Time resting spent in this place.
 E = Time spent auto-exploring this place.
 F = Levels seen in this place.
 G = Mean time per level.
                   A        B        C        D        E       F      G
               +--------+--------+--------+--------+--------+-----+--------+
         Total |  96266 |  86971 |   9295 |  35437 |  36967 |  53 | 1816.3 |
       Dungeon |  20561 |  16190 |   4371 |   2497 |  10744 |  15 | 1370.7 |
        Temple |     18 |      1 |     17 |      0 |      0 |   1 |   18.0 |
          Lair |   6927 |   6014 |    913 |   1041 |   3644 |   5 | 1385.4 |
        Shoals |   7829 |   7142 |    687 |   3698 |   2115 |   4 | 1957.2 |
   Spider Nest |  10850 |  10543 |    307 |   5878 |   2939 |   4 | 2712.5 |
    Slime Pits |   4508 |   4313 |    195 |   2533 |   1198 |   5 |  901.6 |
  Orcish Mines |   2482 |   2013 |    469 |    512 |    890 |   2 | 1241.0 |
   Elven Halls |   7849 |   7414 |    435 |   4310 |   2013 |   3 | 2616.3 |
        Vaults |  10745 |  10198 |    547 |   3712 |   4633 |   5 | 2149.0 |
        Depths |   9307 |   8359 |    948 |   3219 |   3847 |   4 | 2326.8 |
           Zot |  15185 |  14783 |    402 |   8032 |   4942 |   5 | 3037.0 |
               +--------+--------+--------+--------+--------+-----+--------+

Top non-repeatable levels by time:
   Zot:5: 6023 daAuts
Spider:4: 4944 daAuts
Depths:3: 4005 daAuts
Shoals:4: 3884 daAuts
   Elf:3: 3868 daAuts
   Zot:4: 2804 daAuts
Vaults:5: 2676 daAuts
   Zot:3: 2615 daAuts
Vaults:4: 2611 daAuts
   Zot:1: 2202 daAuts
Spider:3: 2202 daAuts
Spider:2: 2156 daAuts
 Slime:5: 2133 daAuts
   Elf:1: 2127 daAuts
Depths:1: 2125 daAuts
